 Dungeon Crawl Stone Soup version 0.17.0-24-gcfadda4 (console) character file.

213 jw the Cutter (level 5, -7/36 HPs)
             Began as an Octopode Berserker on Nov 16, 2015.
             Was a Believer of Trog.
             Mangled by a worm (12 damage)
             ... on level 2 of the Dungeon.
             The game lasted 00:06:15 (1947 turns).

jw the Cutter (Octopode Berserker)                  Turns: 1947, Time: 00:06:15

Health: -7/36      AC:  1    Str: 17    XL:     5   Next: 90%
Magic:  5/5        EV: 13    Int:  9    God:    Trog [**....]
Gold:   19         SH:  0    Dex: 12    Spells: 0 memorised, 4 levels left

rFire  . . .     SeeInvis .     a - +0 short sword
rCold  . . .     Clarity  .     (no shield)
rNeg   . . .     SustAt   .     (helmet restricted)
rPois  .         Gourm    .     (no amulet)
rElec  .         Spirit   .     (no ring)
rCorr  .         Warding  .     (no ring)
rMut   .         Stasis   .     (no ring)
MR     .....                    (no ring)
Stlth  ++++......               (no ring)
                                (no ring)
                                (no ring)
                                (no ring)

@: not resistant to hostile enchantments, stealthy
A: almost no armour, amphibious, 8 rings, constrict 8, camouflage 1, gelatinous
body 1
a: Berserk, Trog's Hand, Burn Spellbooks, Renounce Religion


You were on level 2 of the Dungeon.
You worshipped Trog.
Trog was pleased with you.
You were not hungry.

You visited 1 branch of the dungeon, and saw 2 of its levels.

You collected 19 gold pieces.

Inventory:

Hand Weapons
 a - a +0 short sword (weapon)
Missiles
 d - 33 stones (quivered)
 i - 8 needles of slowing
Scrolls
 c - a scroll of magic mapping {unknown}
 g - a scroll of immolation {unknown}
Potions
 e - a potion of curing
 f - a potion of invisibility {unknown}
Comestibles
 b - a bread ration
 h - a slice of pizza


   Skills:
 + Level 3.5 Fighting
 * Level 4.0 Short Blades
 + Level 2.2 Throwing
 + Level 3.7 Dodging
 * Level 3.9 Stealth


You had 4 spell levels left.
You didn't know any spells.

Dungeon Overview and Level Annotations

Branches:
Dungeon (2/15)

Altars:


Innate Abilities, Weirdness & Mutations

You cannot wear most types of armour.
You are amphibious.
You can wear up to eight rings at the same time.
You can use your tentacles to constrict eight enemies at once.
Your skin changes colour to match your surroundings (Stealth).
Your rubbery body absorbs attacks (AC +1).


Message History

MOVING TO (3,-2)
You hit the hobgoblin. Your grab misses the hobgoblin.
You squeeze the hobgoblin.
You kill the hobgoblin!
Trog accepts your kill.
Attempting RANGED ATTACK TO (2,0) Throwing (i - inventory):
d - 35 stones (quivered)
Press: ? - help, Shift-Dir - straight line, f/p - worm
Aim: a worm (lightly wounded)
You throw a stone. The stone hits the worm.
The worm is moderately wounded.
Attempting RANGED ATTACK TO (2,0) Throwing (i - inventory):
d - 34 stones (quivered)
Press: ? - help, Shift-Dir - straight line, f/p - worm
Aim: a worm (moderately wounded)
You throw a stone. The stone hits the worm.
The worm is heavily wounded.
KIIIITING; MOVING TO (2,-2)
The worm bites you!
You die...

##.........)(##.##### .
............(......# . #.#
#..............# .
...####.###..............#
.
#...............?.......#
######.##...............#
#.###.###..........# #.#
#..............# #
#.###x###..........# #
#.##.w(....).......# #####
###.#######..........#
....######.#.#
#.....>.(..#
........<....# #..........
##########.#.####
##########
......######.#..##
#####.....##.....##
#####.........#


You could see a worm.

Table legend:
 A = Turns spent in this place as a percentage of turns spent in the entire game.
 B = Non-inter-level travel turns spent in this place as a percentage of non-inter-level travel turns spent in the entire game.
 C = Inter-level travel turns spent in this place as a percentage of turns spent in this place.
 D = Turns resting spent in this place as a percentage of non-inter-level travel turns spent in this place.
 E = Turns spent auto-exploring this place as a percentage of non-inter-level travel turns spent in this place.
 F = Non-inter-level travel turns spent in this place divided by the number of levels of this place that you've seen.
                   A       B       C       D       E      F
               +-------+-------+-------+-------+-------+----------------------
         Total | 100.0 | 100.0 |   0.2 |   1.6 |   2.6 | 1407.5
       Dungeon | 100.0 | 100.0 |   0.2 |   1.6 |   2.6 | 1407.5
               +-------+-------+-------+-------+-------+----------------------

Table legend:
 A = Kills in this place as a percentage of kills in entire the game.
 B = Kills by you in this place as a percentage of kills by you in the entire game.
 C = Kills by friends in this place as a percentage of kills by friends in the entire game.
 D = Other kills in this place as a percentage of other kills in the entire game.
 E = Experience gained in this place as a percentage of experience gained in the entire game.
 F = Experience gained in this place divided by the number of levels of this place that you have seen.
                   A       B       C       D       E      F
               +-------+-------+-------+-------+-------+----------------------
         Total | 100.0 | 100.0 |  -nan |  -nan | 100.0 | 152.5
       Dungeon | 100.0 | 100.0 |  -nan |  -nan | 100.0 | 152.5
               +-------+-------+-------+-------+-------+----------------------

Vanquished Creatures
  Sigmund (D:2)
  2 adders (D:2)
  An ooze (D:1)
  A worm (D:1)
  6 goblins
  5 hobgoblins
  6 kobolds (D:1)
  A quokka (D:2)
  3 bats (D:1)
  3 giant newts
  3 jackals (D:1)
  3 rats (D:1)
35 creatures vanquished.

Notes
Turn   | Place    | Note
--------------------------------------------------------------
     0 | D:1      | jw the Octopode Berserker began the quest for the Orb.
     0 | D:1      | Reached XP level 1. HP: 16/16 MP: 1/1
   203 | D:1      | Reached skill level 1 in Stealth
   203 | D:1      | Reached XP level 2. HP: 18/21 MP: 2/2
   863 | D:1      | Reached skill level 1 in Throwing
   974 | D:1      | Reached XP level 3. HP: 23/26 MP: 3/3
  1490 | D:1      | Reached ** piety under Trog
  1640 | D:2      | Noticed Sigmund
  1648 | D:2      | Killed Sigmund
  1648 | D:2      | Reached XP level 4. HP: 31/31 MP: 4/4
  1648 | D:2      | Reached XP level 5. HP: 36/36 MP: 5/5
  1828 | D:2      | Reached skill level 4 in Short Blades
  1947 | D:2      | Mangled by a worm

Action                   |  1- 3 |  4- 6 || total
-------------------------+-------+-------++-------
Melee: Short sword       |    70 |    13 ||    83
Throw: Stone             |    63 |    11 ||    74
Invok: Berserk           |     1 |       ||     1
       Trog's Hand       |     1 |       ||     1
  Use: Potion            |     4 |       ||     4
       Scroll            |     1 |       ||     1
 Stab: Sleeping          |     3 |     1 ||     4
  Eat: Chunk             |     2 |     2 ||     4

Vault maps used:
D:1:      lightli_arrival_windingriver
D:2:      uniq_sigmund
